General information
- name: BNet
- type: Ladder team game (AT/RT)
- host: Battle.net
- saver: GOKUMaN69
map: Monsoon
- players: 6
- length: 87:22
- speed: Fast
- version: 1.21 W3XP
- replay type: Public
» download(531 KB)
Players
team 1 (loser)
KEYBOARDSMASHER (
orange | 43 APM | 3451 actions | 81:07)
7 Blademaster
3 Wind Walk
3 Critical Strike
1 Bladestorm
» actions
| Assign group hotkey | 15 | |
| Basic commands | 20 | |
| Build / train | 104 | |
| Enter build submenu | 65 | |
| Enter hero's abilities submenu | 7 | |
| Give item / drop item | 6 | |
| Right click | 1984 | |
| Select / deselect | 855 | |
| Select group hotkey | 49 | |
| Use ability | 346 | |
3451 total
» units
| Peon | 28 | |
| Wind Rider | 4 | |
| Troll Batrider | 16 | |
| Demolisher | 11 | |
59 total
» upgrades
| Pillage | 1 | |
| Reinforced Defenses | 1 | |
| Envenomed Spears | 1 | |
| Ranged Weapons | 4 | |
| Armor | 3 | |
| Spiked Barricades | 1 | |
| Burning Oil | 1 | |
12 total
» buildings
| War Mill | 2 | |
| Altar of Storms | 1 | |
| Orc Burrow | 5 | |
| Voodoo Lounge | 2 | |
| Watch Tower | 41 | |
| Great Hall | 2 | |
| Stronghold | 2 | |
| Fortress | 1 | |
| Beastiary | 3 | |
| Barracks | 2 | |
61 total
» build order
00:12 War Mill
00:37 Altar of Storms
00:46 Orc Burrow
01:09 Voodoo Lounge
02:09 Watch Tower
02:27 Watch Tower
03:44 Watch Tower
04:06 Voodoo Lounge
04:53 Great Hall
05:09 Stronghold
05:09 Stronghold
08:15 Fortress
08:28 Beastiary
08:32 Beastiary
09:05 Orc Burrow
09:56 Beastiary
13:37 Orc Burrow
13:41 Orc Burrow
16:20 Orc Burrow
16:33 Watch Tower
16:37 Watch Tower
16:42 Watch Tower
17:44 Watch Tower
18:00 War Mill
31:14 Barracks
32:58 Barracks
35:40 Watch Tower
35:44 Watch Tower
35:46 Watch Tower
35:48 Watch Tower
36:03 Watch Tower
36:29 Watch Tower
37:09 Watch Tower
37:12 Watch Tower
41:11 Watch Tower
41:13 Watch Tower
41:16 Watch Tower
41:18 Watch Tower
41:23 Watch Tower
41:32 Watch Tower
41:35 Watch Tower
41:38 Watch Tower
47:49 Watch Tower
48:06 Watch Tower
48:14 Watch Tower
48:48 Watch Tower
48:49 Watch Tower
48:54 Watch Tower
48:58 Watch Tower
49:00 Watch Tower
49:02 Watch Tower
49:41 Watch Tower
49:44 Watch Tower
49:46 Watch Tower
49:48 Watch Tower
49:51 Watch Tower
50:38 Watch Tower
50:40 Watch Tower
50:42 Watch Tower
50:47 Watch Tower
53:39 Great Hall
» items
| Lesser Clarity Potion | 9 | |
| Healing Salve | 5 | |
| Boots of Speed | 1 | |
| Scroll of Speed | 1 | |
| Orb of Lightning | 1 | |
| Tiny Great Hall | 1 | |
| Scroll of Town Portal | 1 | |
| Dust of Appearance | 2 | |
| Potion of Lesser Invulnerability | 1 | |
22 total
MILITIA-CRAFT (
blue | 61 APM | 5369 actions | 87:20)
9 Blademaster
3 Wind Walk
3 Critical Strike
1 Bladestorm
2 Mirror Image
» actions
| Assign group hotkey | 32 | |
| Basic commands | 183 | |
| Build / train | 136 | |
| Enter build submenu | 92 | |
| Enter hero's abilities submenu | 9 | |
| Give item / drop item | 11 | |
| Remove unit from queue | 5 | |
| Right click | 2273 | |
| Select / deselect | 1145 | |
| Select group hotkey | 968 | |
| Use ability | 514 | |
5369 total
» units
| Peon | 24 | |
| Wind Rider | 7 | |
| Troll Batrider | 25 | |
| Demolisher | 9 | |
65 total
» upgrades
| Spiked Barricades | 1 | |
| Reinforced Defenses | 1 | |
| Envenomed Spears | 1 | |
| Liquid Fire | 1 | |
| Armor | 3 | |
| Ranged Weapons | 2 | |
| Shaman Training | 2 | |
| Witch Doctor Training | 2 | |
| Pulverize | 1 | |
| Spirit Walker Training | 1 | |
| Burning Oil | 1 | |
16 total
» buildings
| Altar of Storms | 1 | |
| Orc Burrow | 9 | |
| Voodoo Lounge | 4 | |
| War Mill | 8 | |
| Stronghold | 2 | |
| Watch Tower | 47 | |
| Beastiary | 3 | |
| Fortress | 1 | |
| Spirit Lodge | 2 | |
| Tauren Totem | 1 | |
| Barracks | 2 | |
80 total
» build order
00:18 Altar of Storms
00:23 Orc Burrow
01:18 Voodoo Lounge
01:23 War Mill
02:30 Stronghold
02:30 Stronghold
02:37 Orc Burrow
02:58 Watch Tower
03:13 Watch Tower
03:31 Watch Tower
05:04 Beastiary
05:06 Beastiary
05:43 Beastiary
06:38 Orc Burrow
07:07 Fortress
09:31 Orc Burrow
11:34 Orc Burrow
14:48 Watch Tower
14:49 Watch Tower
14:50 Watch Tower
14:51 Watch Tower
14:51 Watch Tower
14:52 Watch Tower
14:54 Watch Tower
14:59 Orc Burrow
15:01 Watch Tower
15:02 Watch Tower
15:05 Watch Tower
15:07 Watch Tower
17:29 War Mill
17:35 Watch Tower
17:36 Watch Tower
17:38 Watch Tower
17:39 Watch Tower
17:39 Watch Tower
17:40 Watch Tower
18:44 Spirit Lodge
18:47 Tauren Totem
19:57 War Mill
20:00 War Mill
20:56 Spirit Lodge
24:28 Watch Tower
24:45 Watch Tower
24:46 Watch Tower
25:47 Watch Tower
25:49 Watch Tower
25:53 Watch Tower
26:18 War Mill
27:04 Watch Tower
27:22 Watch Tower
27:28 Watch Tower
27:30 Watch Tower
27:37 Watch Tower
27:39 Watch Tower
29:22 Watch Tower
29:24 Watch Tower
29:36 Watch Tower
29:41 Watch Tower
30:26 Barracks
30:34 Watch Tower
30:38 Watch Tower
30:40 Watch Tower
30:52 Watch Tower
31:45 Barracks
31:50 Watch Tower
31:51 Watch Tower
31:57 Watch Tower
32:46 Orc Burrow
32:57 Orc Burrow
33:17 Voodoo Lounge
33:27 Orc Burrow
38:56 Voodoo Lounge
40:17 Watch Tower
40:22 Watch Tower
40:31 Watch Tower
42:31 Voodoo Lounge
49:28 War Mill
49:35 War Mill
57:46 War Mill
» items
| Healing Salve | 7 | |
| Lesser Clarity Potion | 11 | |
| Scroll of Speed | 1 | |
| Boots of Speed | 1 | |
| Circlet of Nobility | 2 | |
| Staff of Teleportation | 2 | |
| Tiny Great Hall | 1 | |
| Orb of Lightning | 1 | |
| Potion of Lesser Invulnerability | 6 | |
| Dust of Appearance | 1 | |
| Potion of Mana | 2 | |
| Scroll of Town Portal | 1 | |
36 total
TOWER-CRAFT (
purple | 72 APM | 6089 actions | 84:30)
10 Death Knight
3 Death Coil
3 Unholy Aura
3 Death Pact
1 Animate Dead
8 Naga Sea Witch
3 Frost Arrows
3 Forked Lightning
1 Tornado
1 Mana Shield
7 Lich
3 Frost Nova
3 Dark Ritual
1 Death and Decay
» actions
| Assign group hotkey | 324 | |
| Basic commands | 76 | |
| Build / train | 228 | |
| Enter build submenu | 66 | |
| Enter hero's abilities submenu | 27 | |
| Give item / drop item | 10 | |
| Right click | 2796 | |
| Select / deselect | 1047 | |
| Select group hotkey | 1025 | |
| Use ability | 490 | |
6089 total
» units
| Acolyte | 22 | |
| Ghoul | 8 | |
| Crypt Fiend | 33 | |
| Obsidian Statue | 4 | |
| Mud Golem | 1 | |
| Ogre Magi | 5 | |
| Frost Wyrm | 12 | |
| Meatwagon | 10 | |
| Abomination | 1 | |
96 total
» upgrades
| Burrow | 2 | |
| Creature Attack | 3 | |
| Destroyer Form | 1 | |
| Creature Carapace | 3 | |
| Freezing Breath | 1 | |
| Web | 1 | |
| Unholy Armor | 1 | |
| Unholy Strength | 1 | |
13 total
» buildings
| Graveyard | 2 | |
| Crypt | 4 | |
| Altar of Darkness | 1 | |
| Ziggurat | 38 | |
| Tomb of Relics | 1 | |
| Nerubian Tower | 8 | |
| Spirit Tower | 32 | |
| Halls of the Dead | 2 | |
| Necropolis | 3 | |
| Slaughterhouse | 1 | |
| Black Citadel | 2 | |
| Sacrificial Pit | 1 | |
| Boneyard | 2 | |
| Temple of the Damned | 1 | |
98 total
» build order
00:11 Graveyard
00:22 Crypt
00:48 Altar of Darkness
01:05 Ziggurat
01:23 Ziggurat
01:38 Ziggurat
01:51 Tomb of Relics
02:53 Nerubian Tower
04:14 Ziggurat
04:14 Spirit Tower
06:37 Halls of the Dead
06:37 Halls of the Dead
07:56 Necropolis
08:00 Spirit Tower
08:46 Ziggurat
09:36 Slaughterhouse
09:59 Ziggurat
10:34 Ziggurat
10:37 Ziggurat
10:38 Ziggurat
12:00 Spirit Tower
12:04 Ziggurat
12:41 Black Citadel
12:41 Black Citadel
13:10 Necropolis
13:25 Nerubian Tower
15:03 Ziggurat
15:05 Ziggurat
15:42 Ziggurat
15:48 Ziggurat
15:50 Ziggurat
15:55 Ziggurat
16:58 Spirit Tower
17:05 Ziggurat
17:16 Sacrificial Pit
17:42 Spirit Tower
17:52 Ziggurat
18:04 Nerubian Tower
18:42 Ziggurat
18:45 Spirit Tower
19:19 Ziggurat
19:22 Boneyard
19:29 Boneyard
19:32 Ziggurat
20:59 Nerubian Tower
21:06 Spirit Tower
21:16 Ziggurat
21:19 Ziggurat
21:45 Spirit Tower
21:51 Ziggurat
21:55 Ziggurat
22:03 Crypt
23:06 Ziggurat
23:08 Ziggurat
23:10 Ziggurat
23:12 Ziggurat
23:13 Ziggurat
23:16 Ziggurat
23:18 Ziggurat
23:19 Ziggurat
23:22 Ziggurat
23:24 Ziggurat
23:27 Ziggurat
23:58 Spirit Tower
24:01 Spirit Tower
24:01 Spirit Tower
24:03 Spirit Tower
24:07 Spirit Tower
24:12 Nerubian Tower
24:12 Nerubian Tower
24:19 Nerubian Tower
24:24 Spirit Tower
24:24 Spirit Tower
24:31 Spirit Tower
24:37 Spirit Tower
24:37 Spirit Tower
24:37 Spirit Tower
24:44 Spirit Tower
24:44 Spirit Tower
24:45 Spirit Tower
24:54 Temple of the Damned
25:34 Spirit Tower
25:37 Spirit Tower
27:07 Spirit Tower
27:07 Spirit Tower
46:54 Necropolis
46:59 Ziggurat
68:38 Ziggurat
68:40 Graveyard
68:42 Crypt
68:45 Crypt
» items
| Rod of Necromancy | 3 | |
| Dust of Appearance | 3 | |
| Healing Salve | 4 | |
| Lesser Clarity Potion | 6 | |
| Scroll of Speed | 1 | |
| Sacrificial Skull | 1 | |
| Scroll of Town Portal | 4 | |
| Potion of Lesser Invulnerability | 3 | |
| Orb of Corruption | 1 | |
| Potion of Healing | 6 | |
| Potion of Mana | 5 | |
| Scroll of Healing | 1 | |
38 total
team 2 (winner)
fInEX (
yellow | 42 APM | 3631 actions | 87:21)
4 Demon Hunter
2 Mana Burn
2 Evasion
3 Goblin Tinker
2 Cluster Rockets
1 Engineering Upgrade
3 Keeper of the Grove
2 Entangling Roots
1 Thorns Aura
» actions
| Assign group hotkey | 200 | |
| Build / train | 86 | |
| Enter build submenu | 25 | |
| Enter hero's abilities submenu | 12 | |
| Give item / drop item | 2 | |
| Remove unit from queue | 1 | |
| Right click | 1879 | |
| Select / deselect | 592 | |
| Select group hotkey | 591 | |
| Use ability | 243 | |
3631 total
» units
| Wisp | 25 | |
| Chimaera | 17 | |
| Druid of the Talon | 1 | |
43 total
» upgrades
| Ultravision | 1 | |
| Nature's Blessing | 1 | |
| Well Spring | 1 | |
| Reinforced Hides | 4 | |
| Strength of the Wild | 3 | |
| Corrosive Breath | 1 | |
| Druid of the Talon Training | 1 | |
12 total
» buildings
| Altar of Elders | 1 | |
| Moon Well | 11 | |
| Tree of Ages | 1 | |
| Hunter's Hall | 1 | |
| Ancient Protector | 8 | |
| Tree of Life | 1 | |
| Tree of Eternity | 1 | |
| Ancient of Wind | 1 | |
| Chimaera Roost | 2 | |
| Ancient of Wonders | 1 | |
28 total
» build order
00:07 Altar of Elders
00:08 Moon Well
01:47 Moon Well
05:41 Moon Well
05:47 Tree of Ages
06:18 Hunter's Hall
06:23 Moon Well
07:34 Moon Well
07:39 Ancient Protector
07:43 Ancient Protector
09:20 Ancient Protector
09:24 Ancient Protector
09:40 Moon Well
11:12 Tree of Life
11:21 Tree of Eternity
11:46 Ancient Protector
11:48 Ancient Protector
11:53 Ancient Protector
11:55 Ancient Protector
19:19 Ancient of Wind
20:43 Chimaera Roost
20:44 Chimaera Roost
40:22 Moon Well
40:23 Moon Well
45:53 Moon Well
45:54 Moon Well
45:55 Moon Well
58:23 Ancient of Wonders
» items
| Boots of Speed | 3 | |
| Staff of Teleportation | 3 | |
| Potion of Invisibility | 1 | |
| Dust of Appearance | 1 | |
| Periapt of Vitality | 1 | |
| Orb of Lightning | 3 | |
| Healing Salve | 1 | |
| Staff of Preservation | 1 | |
| Scroll of Town Portal | 1 | |
15 total
GOKUMaN69 (
pink | 51 APM | 4429 actions | 87:22)
3 Archmage
2 Blizzard
1 Brilliance Aura
4 Blood Mage
2 Flame Strike
2 Siphon Mana
4 Mountain King
2 Storm Bolt
2 Bash
» actions
| Basic commands | 1 | |
| Build / train | 216 | |
| Enter build submenu | 173 | |
| Enter hero's abilities submenu | 12 | |
| Give item / drop item | 6 | |
| Remove unit from queue | 4 | |
| Right click | 2072 | |
| Select / deselect | 1503 | |
| Use ability | 441 | |
4429 total
» units
| Peasant | 21 | |
| Dragonhawk Rider | 4 | |
| Gryphon Rider | 13 | |
| Priest | 2 | |
| Sorceress | 1 | |
41 total
» upgrades
| Masonry | 3 | |
| Lumber Harvesting | 2 | |
| Magic Sentry | 1 | |
| Swords | 3 | |
| Armor | 3 | |
| Sorceress Training | 2 | |
| Animal War Training | 1 | |
| Cloud | 1 | |
| Priest Training | 2 | |
| Storm Hammers | 1 | |
19 total
» buildings
| Lumber Mill | 1 | |
| Scout Tower | 153 | |
| Altar of Kings | 1 | |
| Farm | 14 | |
| Arcane Tower | 11 | |
| Guard Tower | 97 | |
| Keep | 1 | |
| Arcane Sanctum | 1 | |
| Town Hall | 2 | |
| Blacksmith | 2 | |
| Gryphon Aviary | 2 | |
| Castle | 2 | |
| Arcane Vault | 2 | |
| Barracks | 1 | |
290 total
» build order
00:05 Lumber Mill
00:24 Scout Tower
00:38 Altar of Kings
00:53 Farm
01:00 Scout Tower
01:01 Scout Tower
01:07 Arcane Tower
01:08 Arcane Tower
01:18 Scout Tower
01:43 Guard Tower
01:45 Scout Tower
01:47 Scout Tower
02:08 Scout Tower
02:15 Guard Tower
02:23 Farm
02:27 Guard Tower
02:43 Guard Tower
02:43 Guard Tower
03:03 Scout Tower
03:22 Scout Tower
03:33 Guard Tower
03:34 Scout Tower
03:39 Arcane Tower
03:39 Arcane Tower
04:20 Guard Tower
04:21 Scout Tower
04:49 Scout Tower
04:51 Scout Tower
04:52 Guard Tower
05:03 Scout Tower
05:12 Scout Tower
05:26 Guard Tower
05:41 Scout Tower
05:43 Scout Tower
05:46 Guard Tower
06:23 Scout Tower
06:25 Scout Tower
06:27 Scout Tower
06:29 Guard Tower
06:31 Scout Tower
06:33 Guard Tower
06:34 Scout Tower
06:35 Scout Tower
06:44 Scout Tower
06:50 Scout Tower
06:53 Scout Tower
07:05 Guard Tower
07:16 Guard Tower
07:30 Scout Tower
08:06 Guard Tower
08:07 Scout Tower
08:07 Scout Tower
08:11 Keep
08:14 Guard Tower
08:21 Scout Tower
08:21 Guard Tower
08:25 Scout Tower
08:25 Guard Tower
08:38 Guard Tower
08:39 Scout Tower
08:40 Scout Tower
08:45 Farm
08:58 Scout Tower
08:59 Guard Tower
09:03 Scout Tower
09:13 Guard Tower
09:13 Guard Tower
09:15 Scout Tower
09:36 Arcane Tower
09:39 Scout Tower
09:43 Guard Tower
09:47 Scout Tower
09:49 Scout Tower
09:52 Guard Tower
09:58 Scout Tower
10:00 Scout Tower
10:01 Scout Tower
10:02 Scout Tower
11:05 Scout Tower
11:15 Guard Tower
11:21 Arcane Sanctum
11:24 Scout Tower
11:25 Scout Tower
11:29 Scout Tower
11:37 Scout Tower
11:48 Guard Tower
11:50 Scout Tower
12:15 Guard Tower
12:30 Guard Tower
12:37 Scout Tower
13:03 Town Hall
13:10 Guard Tower
13:11 Scout Tower
13:13 Guard Tower
13:17 Scout Tower
14:39 Guard Tower
14:42 Scout Tower
14:42 Scout Tower
14:57 Blacksmith
15:00 Guard Tower
15:03 Town Hall
15:20 Scout Tower
15:21 Scout Tower
15:23 Scout Tower
15:23 Scout Tower
15:30 Guard Tower
15:31 Scout Tower
15:32 Guard Tower
16:49 Guard Tower
17:11 Gryphon Aviary
17:12 Gryphon Aviary
17:21 Scout Tower
17:22 Scout Tower
17:39 Guard Tower
17:40 Scout Tower
17:41 Scout Tower
17:52 Guard Tower
17:56 Guard Tower
17:58 Scout Tower
18:15 Castle
18:23 Scout Tower
18:24 Scout Tower
18:35 Guard Tower
18:35 Guard Tower
18:40 Scout Tower
18:44 Guard Tower
18:46 Scout Tower
18:49 Scout Tower
18:54 Scout Tower
18:56 Scout Tower
19:00 Scout Tower
19:07 Arcane Vault
19:13 Guard Tower
19:14 Scout Tower
19:31 Blacksmith
19:36 Guard Tower
19:39 Barracks
19:42 Scout Tower
19:42 Guard Tower
19:51 Guard Tower
19:51 Guard Tower
19:52 Guard Tower
19:53 Guard Tower
19:54 Scout Tower
20:09 Scout Tower
20:16 Scout Tower
20:17 Guard Tower
20:18 Scout Tower
20:21 Scout Tower
20:21 Guard Tower
20:23 Scout Tower
20:24 Guard Tower
20:34 Guard Tower
20:34 Guard Tower
20:37 Scout Tower
21:04 Farm
21:09 Farm
21:16 Guard Tower
21:53 Guard Tower
21:55 Scout Tower
21:56 Scout Tower
21:57 Scout Tower
21:58 Scout Tower
22:00 Scout Tower
22:13 Guard Tower
22:13 Guard Tower
22:53 Scout Tower
23:07 Scout Tower
23:13 Scout Tower
23:15 Scout Tower
23:15 Scout Tower
23:16 Scout Tower
23:27 Scout Tower
23:29 Scout Tower
23:40 Guard Tower
23:43 Scout Tower
23:45 Guard Tower
24:31 Arcane Tower
24:31 Arcane Tower
24:36 Guard Tower
24:37 Guard Tower
24:39 Scout Tower
25:29 Guard Tower
25:33 Scout Tower
25:34 Guard Tower
25:38 Guard Tower
25:44 Scout Tower
25:52 Arcane Tower
26:15 Guard Tower
26:16 Scout Tower
26:19 Scout Tower
26:22 Guard Tower
26:59 Guard Tower
27:00 Scout Tower
27:03 Guard Tower
27:05 Scout Tower
27:33 Guard Tower
27:34 Scout Tower
27:54 Scout Tower
27:55 Scout Tower
27:56 Scout Tower
28:02 Scout Tower
28:03 Guard Tower
28:06 Scout Tower
28:08 Scout Tower
28:09 Guard Tower
29:13 Guard Tower
29:14 Scout Tower
29:25 Scout Tower
29:26 Guard Tower
29:28 Scout Tower
29:31 Scout Tower
29:32 Arcane Tower
30:26 Guard Tower
30:28 Guard Tower
30:30 Scout Tower
30:33 Scout Tower
30:34 Guard Tower
31:20 Guard Tower
31:21 Scout Tower
31:24 Scout Tower
31:42 Guard Tower
31:44 Scout Tower
31:46 Scout Tower
31:47 Scout Tower
31:48 Scout Tower
31:49 Scout Tower
32:07 Scout Tower
32:08 Scout Tower
32:09 Scout Tower
32:10 Scout Tower
32:12 Scout Tower
32:15 Scout Tower
32:16 Guard Tower
32:49 Guard Tower
32:49 Guard Tower
33:00 Scout Tower
33:01 Guard Tower
33:23 Guard Tower
34:15 Guard Tower
35:09 Guard Tower
35:53 Scout Tower
36:21 Scout Tower
36:22 Guard Tower
36:59 Guard Tower
37:48 Guard Tower
37:49 Scout Tower
39:03 Guard Tower
39:04 Scout Tower
39:08 Guard Tower
39:09 Scout Tower
39:10 Scout Tower
39:11 Scout Tower
39:12 Scout Tower
40:27 Farm
40:28 Farm
40:29 Farm
40:29 Farm
40:32 Farm
40:43 Farm
40:47 Farm
40:59 Guard Tower
40:59 Guard Tower
41:11 Farm
41:13 Farm
43:03 Scout Tower
43:08 Scout Tower
43:09 Scout Tower
43:10 Scout Tower
43:10 Scout Tower
43:11 Scout Tower
43:11 Scout Tower
43:12 Scout Tower
43:13 Scout Tower
43:58 Guard Tower
49:50 Scout Tower
49:51 Scout Tower
51:54 Scout Tower
51:55 Scout Tower
51:55 Scout Tower
51:56 Guard Tower
51:58 Scout Tower
51:59 Scout Tower
74:08 Arcane Vault
76:25 Arcane Tower
» items
| Healing Salve | 1 | |
| Staff of Teleportation | 1 | |
| Orb of Lightning | 1 | |
| Potion of Healing | 2 | |
| Scroll of Regeneration | 1 | |
| Staff of Sanctuary | 1 | |
7 total
NADMaN (
teal | 102 APM | 8888 actions | 87:21)
7 Blademaster
3 Wind Walk
3 Critical Strike
1 Bladestorm
5 Shadow Hunter
2 Hex
3 Healing Wave
» actions
| Assign group hotkey | 28 | |
| Basic commands | 96 | |
| Build / train | 95 | |
| ESC pressed | 6 | |
| Enter build submenu | 73 | |
| Enter hero's abilities submenu | 14 | |
| Give item / drop item | 34 | |
| Right click | 4630 | |
| Select / deselect | 1092 | |
| Select group hotkey | 2145 | |
| Use ability | 672 | |
8888 total
» units
» upgrades
| Armor | 3 | |
| Ranged Weapons | 3 | |
| Envenomed Spears | 1 | |
| Liquid Fire | 1 | |
| Reinforced Defenses | 1 | |
9 total
» buildings
| Altar of Storms | 4 | |
| Orc Burrow | 11 | |
| War Mill | 1 | |
| Watch Tower | 35 | |
| Stronghold | 2 | |
| Voodoo Lounge | 5 | |
| Great Hall | 3 | |
| Beastiary | 7 | |
| Fortress | 1 | |
69 total
» build order
00:07 Altar of Storms
00:19 Orc Burrow
00:35 War Mill
01:51 Watch Tower
01:58 Watch Tower
02:22 Watch Tower
02:49 Watch Tower
03:46 Watch Tower
03:48 Watch Tower
04:23 Watch Tower
04:45 Stronghold
04:46 Stronghold
04:56 Watch Tower
05:08 Watch Tower
05:24 Voodoo Lounge
06:05 Watch Tower
06:06 Watch Tower
06:30 Watch Tower
06:31 Watch Tower
07:01 Watch Tower
07:03 Watch Tower
07:27 Watch Tower
08:47 Great Hall
09:10 Great Hall
09:15 Voodoo Lounge
09:37 Great Hall
09:49 Beastiary
09:50 Beastiary
09:55 Beastiary
10:04 Watch Tower
10:12 Orc Burrow
11:13 Watch Tower
11:15 Watch Tower
11:29 Beastiary
13:00 Orc Burrow
13:13 Watch Tower
13:14 Watch Tower
15:09 Orc Burrow
16:04 Fortress
19:32 Watch Tower
23:08 Watch Tower
23:09 Watch Tower
26:28 Watch Tower
29:51 Watch Tower
29:52 Watch Tower
29:55 Watch Tower
29:56 Watch Tower
29:57 Watch Tower
29:58 Watch Tower
32:13 Watch Tower
32:15 Watch Tower
32:16 Watch Tower
34:30 Watch Tower
38:19 Voodoo Lounge
38:20 Voodoo Lounge
39:37 Beastiary
39:39 Beastiary
39:40 Beastiary
39:45 Orc Burrow
39:46 Orc Burrow
41:07 Orc Burrow
41:08 Orc Burrow
41:09 Orc Burrow
49:28 Altar of Storms
51:08 Voodoo Lounge
76:41 Altar of Storms
76:45 Altar of Storms
76:48 Orc Burrow
76:52 Orc Burrow
» items
| Boots of Speed | 2 | |
| Staff of Teleportation | 2 | |
| Healing Salve | 2 | |
| Lesser Clarity Potion | 5 | |
| Orb of Lightning | 2 | |
| Staff of Sanctuary | 1 | |
| Scroll of Town Portal | 4 | |
| Potion of Mana | 1 | |
19 total
Chat log
(04:52 / All) TOWER-CRAFT: oUCH
(05:22 / All) GOKUMaN69: YOU guys like towers?
(05:26 / All) TOWER-CRAFT: LOVE
(05:34 / All) KEYBOARDSMASHER: ALT
(05:35 / All) KEYBOARDSMASHER: Q
(06:22 / All) TOWER-CRAFT: THIS IS GUNA BE
(06:23 / All) TOWER-CRAFT: SO EZ
(06:35 / All) fInEX: w/e clan twt reprezent
(06:36 / All) GOKUMaN69: manner up
(06:40 / All) TOWER-CRAFT: CLAN BATS
(06:45 / All) fInEX: clan wannabe
(06:47 / All) TOWER-CRAFT: >YOU
(07:07 / All) KEYBOARDSMASHER: GG
(07:08 / All) KEYBOARDSMASHER: GG
(07:09 / All) KEYBOARDSMASHER: LOL
(07:10 / All) KEYBOARDSMASHER: LOLOLOLOL
(07:11 / All) TOWER-CRAFT: RAPE?
(07:15 / All) TOWER-CRAFT: or?
(08:25 / All) TOWER-CRAFT: U GUYS
(08:26 / All) TOWER-CRAFT: ALWAYS
(08:28 / All) TOWER-CRAFT: THIS BAD
(08:28 / All) TOWER-CRAFT: ?
(08:34 / All) fInEX: could ask u the same
(08:36 / All) GOKUMaN69: caps cool neat
(08:40 / All) TOWER-CRAFT: LOL
(10:46 / All) KEYBOARDSMASHER: LOL
(10:47 / All) KEYBOARDSMASHER: ITEM
(10:48 / All) KEYBOARDSMASHER: AJCKED
(10:48 / All) KEYBOARDSMASHER: LOLOLOL
(10:58 / All) fInEX: u didnt get shit faggot
(11:01 / All) KEYBOARDSMASHER: STFU
(11:02 / All) KEYBOARDSMASHER: MORON
(12:36 / All) MILITIA-CRAFT: RAPE
(12:51 / All) GOKUMaN69: raped
(12:56 / All) MILITIA-CRAFT: WASTE
(12:57 / All) MILITIA-CRAFT: OF BATS
(13:03 / All) NADMaN: totally
(18:21 / All) KEYBOARDSMASHER: RAPED
(20:13 / All) GOKUMaN69: how you guys doin?
(23:25 / All) MILITIA-CRAFT: u first
(23:37 / All) GOKUMaN69: what you guys eat for lunch?
(23:52 / All) MILITIA-CRAFT: this arabic sandwich
(24:05 / All) MILITIA-CRAFT: was disgusting
(25:13 / Allies) NADMaN: lol
(25:19 / All) NADMaN: wghat
(25:43 / All) KEYBOARDSMASHER: im a DAWG
(25:51 / All) fInEX: dogs cannot type
(25:56 / All) GOKUMaN69: woff
(27:10 / Allies) NADMaN: lol
(27:11 / Allies) NADMaN: wasting gold
(27:22 / Allies) NADMaN: revea;
(28:07 / All) TOWER-CRAFT: lol
(28:10 / All) GOKUMaN69: what
(28:15 / All) GOKUMaN69: cool
(28:59 / All) TOWER-CRAFT: lol
(29:01 / All) NADMaN: woops
(29:08 / All) fInEX: oh no not my 3 chims
(29:16 / All) fInEX: im fucked now
(29:17 / All) GOKUMaN69: you guys rick?
(29:21 / All) GOKUMaN69: RICH
(31:03 / All) GOKUMaN69: you guys got alot of gold?
(31:09 / All) fInEX: RAPED
(31:10 / All) TOWER-CRAFT: yEA
(31:14 / All) MILITIA-CRAFT: i fed that for food
(31:14 / All) GOKUMaN69: how much?
(31:15 / All) MILITIA-CRAFT: btw
(31:22 / All) fInEX: RAPED
(31:32 / Allies) NADMaN: lol
(31:34 / Allies) NADMaN: barracks
(32:53 / All) GOKUMaN69: No manner noobs
(34:59 / All) fInEX: RAPED
(35:26 / All) fInEX: RAPED
(37:32 / All) KEYBOARDSMASHER: RAPED
(37:49 / All) TOWER-CRAFT: HARD..
(39:23 / All) GOKUMaN69: Gg a base with no gold in it you wijn
(39:27 / All) GOKUMaN69: see you l8er
(39:53 / All) KEYBOARDSMASHER: ?
(42:06 / All) fInEX: u guys wannahave sex
(49:22 / All) MILITIA-CRAFT: GREEDY
(49:25 / All) NADMaN: ya
(49:41 / All) NADMaN: Warcraft 3 needs no emotion~ - Sun Tzu
(59:26 / All) MILITIA-CRAFT: gold?
(59:31 / All) NADMaN: a lot
(59:57 / All) GOKUMaN69: bs
(60:52 / All) KEYBOARDSMASHER: LAME AS SHIT
(60:54 / All) KEYBOARDSMASHER: FUCK U GUYS
(60:56 / All) KEYBOARDSMASHER: FUCKSFUDSKFKCFKCFU
(60:57 / All) GOKUMaN69: what
(60:58 / All) KEYBOARDSMASHER: FUKCFUKCFKUC
(60:59 / All) GOKUMaN69: why?
(61:03 / All) GOKUMaN69: what we do?
(63:44 / All) KEYBOARDSMASHER: MILITIA = WCG ABUSER
(63:55 / All) GOKUMaN69: dont care faggot
(63:58 / All) GOKUMaN69: suck my dick
(64:04 / All) MILITIA-CRAFT: manners?
(64:13 / All) NADMaN: Aint got none
(64:20 / All) NADMaN: manneroth stole dem all
(80:52 / All) KEYBOARDSMASHER: going bed here
(80:54 / All) KEYBOARDSMASHER: night guys gg =)
(80:59 / All) GOKUMaN69: Gg
(81:02 / All) fInEX: gG
(81:04 / All) GOKUMaN69: good game
(81:09 / All) GOKUMaN69: GG_G
(81:09 / All) TOWER-CRAFT: yea same
(81:10 / All) TOWER-CRAFT: afk
(81:12 / All) TOWER-CRAFT: gl
(81:16 / All) NADMaN: lol ok
(81:19 / All) MILITIA-CRAFT: do u guys
(81:21 / All) GOKUMaN69: quit plrase
(81:22 / All) MILITIA-CRAFT: always do this
(81:22 / All) MILITIA-CRAFT: ?
(81:24 / All) GOKUMaN69: yeah
(81:25 / All) TOWER-CRAFT: no
(81:25 / All) NADMaN: Yes
(81:28 / All) TOWER-CRAFT: were guna go afk
(81:29 / All) MILITIA-CRAFT: intesting
(81:32 / All) TOWER-CRAFT: il cya later
(81:34 / All) fInEX: i have over 100 tower games
(81:34 / All) MILITIA-CRAFT: i used to build up a strat like this
(81:34 / All) GOKUMaN69: do you?
(81:41 / All) MILITIA-CRAFT: yeah similar but
(81:50 / All) MILITIA-CRAFT: we onyl tower ressoruces exclusivly
(81:53 / All) MILITIA-CRAFT: on hiperch
(81:58 / All) GOKUMaN69: we dont go into upkeep
(82:02 / All) NADMaN: ever
(82:05 / All) MILITIA-CRAFT: i stayed at 50
(82:09 / All) MILITIA-CRAFT: i knew u was doin that
(82:09 / All) fInEX: www.highper.ch
(82:13 / All) MILITIA-CRAFT: purp was at
(82:16 / All) MILITIA-CRAFT: 68
(82:19 / All) fInEX: for pro tower replays
(82:20 / All) MILITIA-CRAFT: they were both at upkeep
(82:23 / All) MILITIA-CRAFT: oh yeah?
(82:28 / All) MILITIA-CRAFT: u pos tthere?
(82:33 / All) fInEX: yes
(82:34 / All) NADMaN: Well, it's our site
(82:48 / Allies) GOKUMaN69: can you guys quit
(82:50 / All) GOKUMaN69: for manner
(82:51 / All) MILITIA-CRAFT: funny iv never heard of u guys
(82:53 / All) MILITIA-CRAFT: no offense
(82:56 / All) fInEX: clan towa?
(82:57 / All) NADMaN: lol
(82:59 / All) fInEX: clan twt?
(83:14 / All) MILITIA-CRAFT: iv heard of clan towa
(83:14 / All) GOKUMaN69: we came up with highperch
(83:30 / All) MILITIA-CRAFT: maybe u did
(83:59 / All) GOKUMaN69: you are not afk
(85:32 / All) MILITIA-CRAFT: u guys
(85:34 / All) MILITIA-CRAFT: are friends
(85:34 / All) MILITIA-CRAFT: wit
(85:36 / All) MILITIA-CRAFT: bear_and
(85:36 / All) MILITIA-CRAFT: ?
(85:40 / All) NADMaN: lol yeah
(85:45 / All) fInEX: yes
(85:48 / All) MILITIA-CRAFT: iv heard of him
(85:53 / All) MILITIA-CRAFT: i actually watched some of his reps
(86:01 / All) fInEX: hes an asshole irl
(86:03 / All) NADMaN: lol
(86:06 / All) MILITIA-CRAFT: really?
(86:09 / All) NADMaN: tyler Kerr
(86:12 / All) NADMaN: he lives in ontario
(86:15 / All) fInEX: 78 bellevue avenue, toronto
(86:17 / All) NADMaN: hes my facebook friend lol
(86:20 / All) MILITIA-CRAFT: omg
(86:24 / All) MILITIA-CRAFT: u should of told purp
(86:27 / All) MILITIA-CRAFT: hes in toronto
(86:28 / All) MILITIA-CRAFT: also
(86:29 / All) fInEX: hes a big jerk
(86:32 / All) NADMaN: tell him to murder him
(86:32 / All) fInEX: big ol jerk
(86:36 / All) MILITIA-CRAFT: kk
(86:44 / All) fInEX: i asked him if he could lend me some condom,s and he put holes in them wtf
(86:49 / All) fInEX: and they were too small
(86:50 / Allies) NADMaN: i dont mind bear_and though
(86:55 / All) MILITIA-CRAFT: hmm
(86:57 / Allies) NADMaN: he always says i never play
(87:02 / Allies) NADMaN: which i find confusing
(87:04 / All) MILITIA-CRAFT: next time we match my team wil be more prepared
(87:08 / All) NADMaN: :)
(87:11 / All) MILITIA-CRAFT: we didnt expect u to proto us!!
(87:14 / All) MILITIA-CRAFT: :D
(87:14 / All) MILITIA-CRAFT: GG